 Dungeon Crawl Stone Soup version 0.31-a0-1074-g0b22e4e0f1 (webtiles) character file.

Game seed: 11645444824979432172

9933 bmb222 the Mimic (level 11, -5/72 HPs)
             Began as an Octopode Shapeshifter on Nov 28, 2023.
             Was a Believer of Uskayaw.
             Slain by a death yak (11 damage)
             ... on level 9 of the Dungeon.
             The game lasted 00:20:04 (11354 turns).

bmb222 the Mimic (Octopode Shapeshifter)           Turns: 11354, Time: 00:20:05

Health: -5/72      AC:  3    Str: 18    XL:     11   Next: 54%
Magic:  0/11       EV: 19    Int: 13    God:    Uskayaw [**....]
Gold:   972        SH:  0    Dex: 11    Spells: 10/10 levels left

rFire   . .          .
                       - Unarmed
rCold   . . .        (no shield)
rNeg    . . .        G - +2 hat
rPois   .            i - amulet of guardian spirit
rElec   .            g - +5 ring of evasion
rCorr   .            t - ring of see invisible
SInv    +            (no ring)
Will    .....        (no ring)
Stlth   ++++         (no ring)
HPRegen 0.32/turn    (no ring)
MPRegen 0.12/turn    (no ring)
                     (no ring)

%: guardian spirit
@: maw-form, studying Hexes
A: devouring maw, almost no armour, amphibious, 8 rings, camouflage 1,
gelatinous body 1, (nimble swimmer 1), tentacles
a: Begin Untransformation, Renounce Religion, Stomp, Line Pass


You were on level 9 of the Dungeon.
You worshipped Uskayaw.
Uskayaw was noncommittal.
You were a creature with a mouth for a stomach.
You visited 3 branches of the dungeon, and saw 13 of its levels.
You also visited: Ossuary.

You collected 972 gold pieces.

Inventory:

Missiles
 e - 9 javelins
 k - 15 poisoned darts
 u - 4 boomerangs (quivered)
 H - 3 throwing nets
Armour
 G - a +2 hat (worn)
Jewellery
 g - a +5 ring of evasion (left tentacle)
 i - an amulet of guardian spirit (around mantle)
 t - a ring of see invisible (right tentacle)
Talismans
 b - a beast talisman
 c - a flux talisman
 w - a blade talisman
 E - a maw talisman (active)
Wands
 v - a wand of iceblast (2)
 y - a wand of mindburst (7)
 A - a wand of paralysis (19)
 D - a wand of polymorph (2)
Scrolls
 d - a scroll of silence
 j - a scroll of teleportation
 x - a scroll of fear
 z - 4 scrolls of identify
 B - 2 scrolls of vulnerability
Potions
 a - 3 potions of lignification
 f - 2 potions of enlightenment {unknown}
 h - a potion of invisibility {unknown}
 l - 3 potions of degeneration
 m - 4 potions of haste
 n - 3 potions of curing
 o - 2 potions of berserk rage {unknown}
 p - 3 potions of cancellation
 q - 2 potions of brilliance
 r - 4 potions of mutation
 s - 2 potions of resistance {unknown}
 C - a potion of magic


   Skills:
 * Level 5.6 Fighting
 - Level 4.1 Throwing
 - Level 4.3 Dodging
 + Level 7.7 Stealth
 * Level 9.8 Unarmed Combat
 - Level 1.0 Evocations
 * Level 11.1 Shapeshifting


You had 10 spell levels left.
You didn't know any spells.
Your spell library contained the following spells:

 Spells                   Type           Power      Damage    Failure   Level
 Ensorcelled Hibernation  Hex/Ice        0%         N/A       43%         2
 Passwall                 Tmut/Erth      0%         N/A       43%         2
 Gell's Gravitas          Tloc           0%         N/A       67%         3
 Swiftness                Air            0%         N/A       67%         3
 Teleport Other           Tloc           0%         N/A       67%         3
 Dispersal                Tloc           0%         N/A       100%        6


Dungeon Overview and Level Annotations

Branches:
Dungeon (10/15)            Temple (1/1) D:6            Lair (0/5) D:8
    Orc (2/2) D:10        Ossuary (visited)
    Elf: Orc:2

Altars:
Ashenzari
Cheibriados
Dithmenos
Elyvilon
Fedhas
Gozag
Hepliaklqana
Kikubaaqudgha
Makhleb
Nemelex Xobeh
Okawaru
Qazlal
Ru
Sif Muna
Trog
Uskayaw
Wu Jian
Xom
Yredelemnul
The Shining One

Shops:
D:9 *

Annotations:
D:4 2 transporters, nucleargodhead's ghost, novice VSFi
D:8 Maurice
D:9 2 runed translucent doors, CraigForest's ghost, novice TrFi
D:10 3 runed translucent doors


Innate Abilities, Weirdness & Mutations

You are a creature with a mouth for a stomach.
Your midsection houses a second, enormous mouth.
You cannot wear most types of armour.
You are amphibious.
You can wear up to eight rings at the same time.
Your skin changes colour to match your surroundings (Stealth+).
Your rubbery body absorbs attacks. (AC +1, EV +1)
((You are camouflaged when in or above water. (Stealth+)))
You have tentacles for arms and can constrict up to eight enemies at once.


Message History

There is a stone staircase leading up here.
You climb upwards.
Level annotation: 2 runed translucent doors, CraigForest's ghost, novice TrFi
There is a stone staircase leading down here.
There is a stone staircase leading up here.
You climb upwards.
Level annotation: Maurice The death yak snorts and paws the ground.
The death yak misses you.
There is a stone staircase leading down here.
There are monsters nearby!
The death yak misses you.
You climb downwards.
Level annotation: 2 runed translucent doors, CraigForest's ghost, novice TrFi
There is a stone staircase leading up here.
You bludgeon the death yak!
The death yak is lightly wounded.
The death yak gores you!
You bludgeon the death yak!
The death yak is moderately wounded.
The death yak misses you.
You tentacle-slap the death yak. You squeeze the death yak.
Your bite misses the death yak.
The death yak is moderately wounded.
You can now pass through a line of other dancers.
You bludgeon the death yak! You bite the death yak.
The death yak is heavily wounded.
The death yak gores you!!
You tentacle-slap the death yak but do no damage.
The death yak is heavily wounded.
The death yak gores you!!
You tentacle-slap the death yak but do no damage.
Your tentacle-slap misses the death yak.
The death yak is heavily wounded.
The death yak gores you!!
* * * LOW HITPOINT WARNING * * *
You barely miss the death yak. Your bite misses the death yak.
The death yak is heavily wounded.
The death yak gores you!
You die...

###....#.#.#.........))).##.
#.....##.#.########)####.##.
##.#.####>#.# #.# #.##.
#....###....## #.# #.##.
#..###...#...# #.####.##.
####..###)#...#.# #.##...##.
#.........#####.# #.##.####.
#.##..##..#####.#### #.##.# #.
#.##..##..##..YW...# #.##.# #.
#.##.........##.##.####.##.## #.
#.###.....#####.#...........###.
#.# ###...# #.#.......).......
#.# #...# #.#.#####.##..####
#.#####...# #.........##.....∩
#........)# ####.#######.#####
#######.#.# #.#######.#
#.#.########).)......#


You could see a death yak.

Vanquished Creatures
  A two-headed ogre (D:9)
  An orc knight (Orc:1)
  Pikel (D:6)
  An orc sorcerer (Orc:1)
  A manticore (D:8)
  Joseph (D:10)
  An unseen horror (D:8)
  A troll (Orc:1)
  A hornet (D:7)
  2 dream sheep (D:7)
  A raiju (shapeshifter) (D:8)
  Sigmund (D:2)
  8 yaks
  2 wraiths (D:9)
  Eustachio (D:6)
  A steam dragon (D:9)
  An acid dragon (D:9)
  5 orc warriors
  An ice beast (D:6)
  2 sky beasts (D:6)
  6 ogres
  A phantom (D:3)
  A lemure (D:6)
  2 centaurs
  A kobold brigand (D:9)
  Blork the orc (D:6)
  A bullfrog (D:3)
  2 gnoll sergeants
  4 scorpions
  5 killer bees (D:10)
  2 howler monkeys (D:5)
  A bullfrog zombie (D:7)
  3 centaur zombies
  2 gnoll boudas
  A hound (D:3)
  6 orc priests
  3 jellies
  Ijyb (D:4)
  Jessica (D:3)
  A sleepcap (D:6)
  5 iguanas
  12 orc wizards
  A killer bee zombie (D:7)
  5 mummies (Ossuary)
  5 adders
  12 gnolls
  A white imp (D:6)
  3 dart slugs
  32 orcs
  8 ball pythons
  8 endoplasms
  2 giant cockroaches (D:2)
  13 goblins
  6 hobgoblins
  8 jackals
  11 kobolds
  2 quokkas (D:1)
  8 bats
  3 frilled lizards
  3 hobgoblin zombies (Ossuary)
  9 rats
236 creatures vanquished.

Vanquished Creatures (collateral kills)
  A water moccasin zombie (D:7)
  A wyvern zombie (D:7)
  3 howler monkeys (D:7)
  A jelly (D:7)
  A centaur zombie (D:7)
  2 iguanas (D:7)
  A killer bee zombie (D:7)
10 creatures vanquished.

Vanquished Creatures (others)
  A human (D:9)
1 creature vanquished.

Grand Total: 247 creatures vanquished

Notes
Turn   | Place    | Note
-------+----------+-------------------------------------------
     0 | D:1      | bmb222 the Octopode Shapeshifter began the quest for the
                  | Orb.
     0 | D:1      | Reached XP level 1. HP: 13/13 MP: 1/1
   203 | D:1      | Reached skill level 1 in Stealth
   204 | D:1      | Reached XP level 2. HP: 18/18 MP: 2/2
   700 | D:1      | Reached XP level 3. HP: 17/23 MP: 3/3
  1607 | D:2      | Noticed Sigmund
  1616 | D:2      | Killed Sigmund
  1617 | D:2      | Reached skill level 5 in Stealth
  1617 | D:2      | Reached XP level 4. HP: 28/28 MP: 4/4
  1617 | D:2      | Reached XP level 5. HP: 33/33 MP: 5/5
  1723 | D:2      | Reached XP level 6. HP: 38/38 MP: 6/6
  1891 | D:3      | Reached skill level 4 in Shapeshifting
  1915 | D:3      | Found a faded altar of an unknown god.
  2218 | D:3      | Noticed Jessica
  2223 | D:3      | Killed Jessica
  2224 | D:3      | Reached skill level 5 in Unarmed Combat
  2396 | D:3      | Reached XP level 7. HP: 35/43 MP: 4/7
  2525 | D:4      | Found a burning altar of Makhleb.
  2595 | D:4      | Noticed Ijyb
  2614 | D:4      | Killed Ijyb
  2615 | D:4      | Reached skill level 1 in Throwing
  2732 | D:4      | Found a transporter.
  2770 | D:4      | Noticed nucleargodhead's ghost (novice VSFi)
  2773 | D:4      | Found a transporter.
  3416 | D:4      | Found a sparkling altar of Nemelex Xobeh.
  3728 | D:5      | Entered Level 5 of the Dungeon
  3736 | D:5      | Found a sand-covered staircase.
  3781 | Ossuary  | Entered an ossuary
  3831 | Ossuary  | Reached XP level 8. HP: 34/50 MP: 4/8
  4909 | D:5      | Reached skill level 5 in Shapeshifting
  5807 | D:6      | Found a staircase to the Ecumenical Temple.
  5814 | Temple   | Entered the Ecumenical Temple
  5855 | Temple   | Became a worshipper of Uskayaw the Reveller
  5913 | D:6      | Reached * piety under Uskayaw
  5916 | D:6      | Reached ** piety under Uskayaw
  6187 | D:6      | Reached *** piety under Uskayaw
  6188 | D:6      | Reached XP level 9. HP: 49/54 MP: 7/9
  6273 | D:6      | Noticed Pikel
  6286 | D:6      | Killed Pikel
  6287 | D:6      | Reached skill level 6 in Shapeshifting
  6351 | D:6      | Reached skill level 1 in Evocations
  6440 | D:6      | Noticed Blork the orc
  6444 | D:6      | Killed Blork the orc
  6536 | D:6      | Noticed Eustachio
  6540 | D:6      | Killed Eustachio
  6636 | D:6      | Reached **** piety under Uskayaw
  6681 | D:6      | Reached skill level 7 in Shapeshifting
  6899 | D:7      | Noticed a hornet
  6931 | D:7      | Reached skill level 8 in Shapeshifting
  6931 | D:7      | Reached XP level 10. HP: 8/63 MP: 0/10
  7288 | D:7      | Found a basalt altar of Yredelemnul.
  7370 | D:7      | Found a bloodstained altar of Trog.
  7826 | D:8      | Noticed a death yak
  7826 | D:8      | Noticed a death yak
  7826 | D:8      | Noticed Maurice
  7894 | D:8      | Noticed a manticore
  7896 | D:8      | Noticed an unseen horror
  7899 | D:8      | Killed a manticore
  7900 | D:8      | Reached skill level 9 in Shapeshifting
  7900 | D:8      | Killed an unseen horror
  7903 | D:8      | Noticed a centaur warrior
  8461 | D:8      | Found a staircase to the Lair.
  8461 | D:8      | Noticed a death yak
  8576 | D:9      | Reached skill level 10 in Shapeshifting
  8577 | D:9      | Reached ***** piety under Uskayaw
  8856 | D:9      | Reached skill level 5 in Fighting
  9008 | D:9      | Reached XP level 11. HP: 62/71 MP: 6/11
  9416 | D:9      | Found Qeastam's Mayhem Merchandise.
  9553 | D:9      | Found a sacrificial altar of Ru.
  9680 | D:9      | Found an ancient bone altar of Kikubaaqudgha.
  9683 | D:9      | Noticed a two-headed ogre
  9689 | D:9      | Killed a two-headed ogre
  9712 | D:9      | Found a large runed translucent door.
  9712 | D:9      | Found a large runed translucent door.
  9754 | D:9      | Noticed CraigForest's ghost (novice TrFi)
  9800 | D:10     | Entered Level 10 of the Dungeon
  9920 | D:10     | Found a white marble altar of Elyvilon.
  9984 | D:10     | Noticed Joseph
  9993 | D:10     | Killed Joseph
 10111 | D:10     | Found a runed translucent gate.
 10111 | D:10     | Found a runed translucent gate.
 10111 | D:10     | Found a runed translucent gate.
 10111 | D:10     | Noticed a green ugly thing
 10111 | D:10     | Noticed a red ugly thing
 10111 | D:10     | Noticed a cyan ugly thing
 10112 | D:10     | Noticed a red ugly thing
 10113 | D:10     | Noticed a red ugly thing
 10115 | D:10     | Noticed a purple ugly thing
 10244 | D:10     | Found a staircase to the Orcish Mines.
 10577 | D:10     | Found a shimmering blue altar of Sif Muna.
 10758 | Orc:1    | Entered Level 1 of the Orcish Mines
 10803 | Orc:1    | Noticed an orc sorcerer
 10813 | Orc:1    | Reached skill level 11 in Shapeshifting
 10822 | Orc:1    | Killed an orc sorcerer
 11144 | Orc:1    | Noticed an orc knight
 11165 | Orc:1    | Killed an orc knight
 11251 | Orc:2    | Entered Level 2 of the Orcish Mines
 11354 | D:9      | Slain by a death yak

Illustrated notes

Levels and vault maps discovered:
D:1:      minmay_arrival_solitary_statue, layout_basic, dreamdust_wishing_well,
          nrook_loot_triangle, skrybe_limestone_x
D:2:      layout_loops_ring, minmay_bisected, uniq_sigmund
D:3:      layout_rooms, ebering_ecumenical_altar_hall, minmay_quantized,
          uniq_jessica
D:4:      layout_loops_ring, lemuel_coloured_pillars_altar,
          lightli_temple_of_fire, gammafunk_ghost_arena, uniq_ijyb
D:5:      layout_cave_pods, nicolae_ossuary_entry_ruins
D:6:      layout_gridville, minmay_temple_entry_junction, uniq_eustachio,
          uniq_blork_the_orc, uniq_pikel
D:7:      layout_basic, nicolae_yredelemnul_corpse_copse,
          trog_three_pillars_becter, dreamdust_gnoll_shepherd
D:8:      layout_gridville, kennysheep_little_box, fiery_altar_vehumet,
          dpeg_lair_monsters, serial_park_tiny_1, minmay_the_grid_2x2
          [minmay_the_grid_small_cups, minmay_the_grid_embedded,
          minmay_the_grid_all_tris, minmay_the_grid_prize_four_corners],
          uniq_jeremiah, uniq_maurice
D:9:      layout_loops_ring, tgw_kikubaaqudgha, nicolae_ru_sacrificial_ziggurat,
          ebering_ghost_disaster_area, minmay_shop_mayhem
D:10:     layout_long_grid, kennysheep_mini_moat, elyvilon_altar_3, orc_0_dummy,
          ploomutoo_gammafunk_ghost_potion_laboratory, uniq_joseph
Temple:   nicolae_temple_x_marks_the_god
Orc:1:    layout_diamond_mine, serial_shops, nicolae_shop_peninsula,
          ebering_ghost_disaster_area
Orc:2:    st_orc_town, layout_caves

Skill      XL: |  1  2  3  4  5  6  7  8  9 10 11 |
---------------+----------------------------------+-----
Stealth        | 1 5 6 7 |  7.7
Unarmed Combat | 4 5 6 7 8 9 |  9.8
Shapeshifting  | 4 5 8 10 11 | 11.1
Throwing       | 2 3 4 |  4.1
Dodging        | 3 4 |  4.3
Fighting       | 2 3 5 |  5.6
Evocations     | 1 |  1.0

Action                     |  1- 3 |  4- 6 |  7- 9 | 10-12 || total
---------------------------+-------+-------+-------+-------++-------
  Melee: Unarmed           |    76 |    42 |   206 |   212 ||   536
         Constrict         |    17 |     5 |    37 |    29 ||    88
         Tentacles         |    14 |     3 |    49 |    58 ||   124
         Punch             |       |       |    10 |     6 ||    16
         Maw               |       |       |       |     1 ||     1
  Throw: Boomerang         |       |     4 |     8 |       ||    12
 Invoke: Stomp             |       |       |     1 |       ||     1
         Line Pass         |       |       |       |     2 ||     2
  Evoke: Wand              |       |       |    13 |    12 ||    25
    Use: Scroll            |       |       |    16 |     8 ||    24
         Potion            |       |       |     7 |     3 ||    10
   Stab: Sleeping          |    10 |     3 |     7 |     5 ||    25
         Distracted        |       |       |     1 |       ||     1
         Paralysed         |       |       |     4 |     7 ||    11
 Armour: Skin              |    17 |     6 |    96 |    64 ||   183
  Dodge: Dodged            |    60 |    24 |   130 |   145 ||   359
   Form: Flux              |       |       |     1 |       ||     1
         Blade             |       |       |       |     1 ||     1
         Maw               |       |       |       |     1 ||     1

Table legend: (Time is in decaauts)
 A = Elapsed time spent in this place.
 B = Non-inter-level travel time spent in this place.
 C = Inter-level travel time spent in this place.
 D = Time resting spent in this place.
 E = Time spent auto-exploring this place.
 F = Levels seen in this place.
 G = Mean time per level.
                   A        B        C        D        E       F      G
               +--------+--------+--------+--------+--------+-----+--------+
         Total |  11263 |  10833 |    430 |   2341 |   6414 |  14 |  804.5 |
       Dungeon |   9616 |   9210 |    406 |   1377 |   6030 |  10 |  961.6 |
        Temple |     47 |     47 |      0 |      0 |      0 |   1 |   47.0 |
  Orcish Mines |    533 |    510 |     23 |      0 |    364 |   2 |  266.5 |
       Ossuary |   1064 |   1064 |      0 |    964 |     20 |   1 | 1064.0 |
               +--------+--------+--------+--------+--------+-----+--------+

Top non-repeatable levels by time:
     D:7: 1475 daAuts
     D:9: 1341 daAuts
     D:1: 1183 daAuts
 Ossuary: 1064 daAuts
    D:10: 990 daAuts
     D:5: 989 daAuts
     D:6: 951 daAuts
     D:4: 948 daAuts
     D:3: 890 daAuts
     D:2: 696 daAuts
   Orc:1: 530 daAuts
     D:8: 151 daAuts
  Temple: 47 daAuts
   Orc:2: 3 daAuts
